 Dungeon Crawl Stone Soup version 0.30-a0-364-gf6b3ef1049 (webtiles) character file.

Game seed: 7302231482637564002

84 Manisia the Cutter (level 4, -2/41 HPs)
             Began as a Troll Wanderer on Nov 15, 2022.
             Was an Initiate of Trog.
             Slain by an orc
             ... wielding a +0 mace
              (5 damage)
             ... on level 3 of the Dungeon.
             The game lasted 00:04:04 (2196 turns).

Manisia the Cutter (Troll Wanderer)                 Turns: 2196, Time: 00:04:04

Health: -2/41      AC:  6    Str: 21    XL:     4   Next: 24%
Magic:  4/4        EV:  9    Int:  9    God:    Trog [......]
Gold:   159        SH:  0    Dex:  9    Spells: 4/5 levels left

rFire   . . .      SeeInvis .      - Unarmed
rCold   . . .      Faith    .    (no shield)
rNeg    . . .      Spirit   .    e - +1 robe
rPois   .          Reflect  .    (helmet restricted)
rElec   .          Harm     .    i - +0 cloak
rCorr   .          Rampage  .    (gloves unavailable)
Will    .....                    (boots unavailable)
Stlth   +.........               (no amulet)
HPRegen 1.06/turn                (no ring)
MPRegen 0.09/turn                (no ring)

@: no status effects
A: large, unfitting armour, claws 3, regeneration 1, shaggy fur 1, tough skin 1
a: Renounce Religion


You were on level 3 of the Dungeon.
You worshipped Trog.
Trog was noncommittal.
You visited 1 branch of the dungeon, and saw 3 of its levels.

You collected 159 gold pieces.

Inventory:

Hand Weapons
 a - a +2 short sword
 c - a +0 dagger
Missiles
 b - 9 poisoned darts
 k - 40 stones (quivered)
 o - 2 throwing nets
Armour
 e - a +1 robe (worn)
 i - a +0 cloak (worn)
Jewellery
 h - a ring of ice
 n - a +6 ring of dexterity
Scrolls
 d - a scroll of blinking
 f - a scroll of vulnerability {unknown}
 j - a scroll of poison {unknown}
 m - a scroll of magic mapping {unknown}
Potions
 g - a potion of curing


   Skills:
 + Level 1.3 Fighting
 - Level 2.4 Short Blades
 + Level 1.2 Throwing
 + Level 1.9 Dodging
 + Level 0.5 Stealth
 + Level 2.4 Unarmed Combat
 - Level 1.2 Spellcasting
 - Level 1.0 Transmutations
 - Level 1.0 Evocations


You had 4 spell levels left.
You knew the following spells:

 Your Spells              Type           Power      Damage    Failure   Level
a - Beastly Appendage     Tmut           4%         N/A       24%         1

Your spell library contained the following spells:

 Spells                   Type           Power      Damage    Failure   Level
 Spider Form              Tmut/Pois      1%         N/A       65%         3


Dungeon Overview and Level Annotations

Branches:
Dungeon (3/15)

Altars:
Ashenzari
Gozag
Trog

Shops:
D:1 :

Annotations:
D:3 Sigmund


Innate Abilities, Weirdness & Mutations

You are too large for most types of armour.
You have claws for hands.
Your natural rate of healing is unusually fast.
You are covered in fur. (AC +1)
You have tough skin. (AC +1)


Message History

An orc comes into view. It is wielding a +0 falchion.
You closely miss something.
The orc shouts!
Something hits you. Something freezes you.
You miss something.
An orc comes into view. It is wielding a +0 dagger.
A kobold comes into view. It is wielding a +0 dagger.
You miss something. Something hits you but does no damage.
An orc comes into view. It is wielding a +0 war axe.
The kobold throws a stone.
The stone hits you but does no damage.
You barely miss something. The orc closely misses you. Something hits you.
Something freezes you.
You miss something. The orc closely misses you.
The kobold throws a stone.
The stone closely misses you.
You miss something. Something hits you!
* * * LOW HITPOINT WARNING * * *
Something freezes you.
* * * LOW HITPOINT WARNING * * *
The kobold throws a stone.
The stone hits you but does no damage.
You miss something. The orc hits you but does no damage. x2
You scratch something but do no damage. Something hits you but does no damage.
The orc hits you with a +0 mace.
* * * LOW HITPOINT WARNING * * *
The orc barely misses you. The kobold hits you but does no damage.
Unknown command.
You barely miss something. Something hits you.
* * * LOW HITPOINT WARNING * * *
Something freezes you.
* * * LOW HITPOINT WARNING * * *
The orc hits you with a +0 mace.
* * * LOW HITPOINT WARNING * * *
The orc closely misses you. The kobold hits you but does no damage.
You feel much better. The orc hits you but does no damage.
The kobold hits you with a +0 dagger.
You miss something. You claw something! Something hits you!
* * * LOW HITPOINT WARNING * * *
Something freezes you.
* * * LOW HITPOINT WARNING * * *
The orc hits you with a +0 mace.
You die...

##### #...##
###.#..#######
#.._..........
#>#.#.........
#.#..[.......
#.##...K{###
#.###...@######..
#.# #...oooo.....
#.# #....########
#.# ###### #.#
#.# #.# #.# #.#


You could see 4 orcs and a kobold.

Vanquished Creatures
  2 dart slugs
  3 orcs (D:3)
  5 ball pythons
  4 endoplasms
  2 giant cockroaches
  10 goblins
  5 hobgoblins
  13 jackals
  5 kobolds
  5 quokkas
  2 bats
  A frilled lizard (D:2)
  5 rats (D:1)
62 creatures vanquished.

Notes
Turn   | Place    | Note
-------+----------+-------------------------------------------
     0 | D:1      | Manisia the Troll Wanderer began the quest for the Orb.
     0 | D:1      | Manisia set off with the following items: a +2 short sword,
                  | 9 poisoned darts, a +0 dagger, a scroll of blinking, a +0
                  | robe; and the following spell memorised: Beastly Appendage;
                  | and the following spells available to memorise: Spider
                  | Form.
     0 | D:1      | Reached XP level 1. HP: 19/19 MP: 1/1
   120 | D:1      | Reached XP level 2. HP: 27/27 MP: 2/2
   183 | D:1      | Reached skill level 1 in Unarmed Combat
   233 | D:1      | Found Ysaday's Vocational Training.
   433 | D:1      | Reached XP level 3. HP: 30/33 MP: 3/3
  1571 | D:2      | Reached XP level 4. HP: 41/41 MP: 4/4
  1867 | D:3      | Found an opulent altar of Gozag.
  1941 | D:3      | Found a faded altar of an unknown god.
  2046 | D:3      | Found a bloodstained altar of Trog.
  2079 | D:3      | Became a worshipper of Trog the Wrathful
  2160 | D:3      | Found a broken altar of Ashenzari.
  2166 | D:3      | Noticed Sigmund
  2196 | D:3      | Slain by an orc

Illustrated notes

Levels and vault maps discovered:
D:1:      psy_arrival_radial01, layout_basic, kennysheep_nondescript,
          nicolae_shop_vocational
D:2:      layout_loops_ring
D:3:      layout_basic, grunt_gozag_breadcrumbs, trog_hazing_becter,
          lemuel_crystal_altar, ebering_ecumenical_altar_mist, uniq_sigmund,
          uniq_ijyb

Skill      XL: |  1  2  3 |
---------------+----------+-----
Unarmed Combat | 1 2 |  2.4
Fighting       | |  1.3
Short Blades   | |  2.4
Throwing       | |  1.2
Dodging        | |  1.9
Stealth        | |  0.5
Spellcasting   | |  1.2
Transmutations | |  1.0
Evocations     | |  1.0

Action                   |  1- 3 |  4- 6 || total
-------------------------+-------+-------++-------
Melee: Unarmed           |   131 |    46 ||   177
       Punch             |       |     1 ||     1
Throw: Stone             |     6 |       ||     6
  Use: Scroll            |     3 |     3 ||     6
       Potion            |       |     2 ||     2
 Stab: Sleeping          |     6 |       ||     6
Armor: Robe              |    52 |    22 ||    74
Dodge: Dodged            |    64 |    11 ||    75

Table legend: (Time is in decaauts)
 A = Elapsed time spent in this place.
 B = Non-inter-level travel time spent in this place.
 C = Inter-level travel time spent in this place.
 D = Time resting spent in this place.
 E = Time spent auto-exploring this place.
 F = Levels seen in this place.
 G = Mean time per level.
                   A        B        C        D        E       F      G
               +--------+--------+--------+--------+--------+-----+--------+
         Total |   2190 |   2113 |     77 |      2 |   1697 |   3 |  730.0 |
       Dungeon |   2190 |   2113 |     77 |      2 |   1697 |   3 |  730.0 |
               +--------+--------+--------+--------+--------+-----+--------+

Top non-repeatable levels by time:
     D:1: 1080 daAuts
     D:2: 630 daAuts
     D:3: 479 daAuts
